 Dungeon Crawl Stone Soup version 0.29-a0-233-g1125b37a9b (webtiles) character file.

Game seed: 5393814648510042375

298 Crownlay the Chopper (level 6, -6/51 HPs)
             Began as a Hill Orc Fighter on Mar 1, 2022.
             Mangled by an orc warrior
             ... wielding a +0 war axe
              (15 damage)
             ... on level 4 of the Dungeon.
             The game lasted 00:03:56 (3185 turns).

Crownlay the Chopper (Hill Orc Fighter)             Turns: 3185, Time: 00:03:57

Health: -6/51      AC:  8    Str: 21    XL:     6   Next: 35%
Magic:  6/6        EV:  9    Int:  8    God:
Gold:   170        SH:  4    Dex: 10    Spells: 5/5 levels left

rFire   . . .      SeeInvis .   a - +0 war axe
rCold   . . .      Faith    .   c - +0 buckler
rNeg    . . .      Spirit   .   b - +0 scale mail
rPois   .          Reflect  .   (no helmet)
rElec   .          Harm     .   g - +0 cloak
rCorr   .          Rampage  .   (no gloves)
Will    .....                   (no boots)
Stlth   ..........              (no amulet)
HPRegen 0.17/turn               (no ring)
MPRegen 0.10/turn               (no ring)

@: hasted, very quick
A: no striking features
a: Convert to Beogh


You were on level 4 of the Dungeon.
You visited 1 branch of the dungeon, and saw 4 of its levels.

You collected 170 gold pieces.

Inventory:

Hand Weapons
 a - a +0 war axe (weapon)
Missiles
 l - 3 throwing nets
Armour
 b - a +0 scale mail (worn)
 c - a +0 buckler (worn)
 g - a +0 cloak (worn)
 n - a +0 plate armour
Scrolls
 d - a scroll of amnesia {unknown}
 e - a scroll of vulnerability {unknown}
 f - 2 scrolls of identify
 h - a scroll of enchant weapon {unknown}
 k - 2 scrolls of enchant armour
 m - a scroll of teleportation {unknown}
 q - a scroll of brand weapon {unknown}
Potions
 i - a potion of haste
 j - a potion of flight {unknown}
 o - 2 potions of heal wounds
 p - a potion of curing {unknown}
 r - a potion of brilliance {unknown}
 s - 2 potions of berserk rage {unknown}


   Skills:
 - Level 3.6 Fighting
 * Level 6.6 Axes
 + Level 4.3 Armour
 + Level 4.8 Shields


You had 5 spell levels left.
You didn't know any spells.
Your spell library was empty.

Dungeon Overview and Level Annotations

Branches:
Dungeon (4/15)
 Temple: D:4-7

Altars:


Message History

You closely miss the orc.
The orc shouts!
The orc closely misses you.
You hit the orc.
The orc is severely wounded.
You closely miss the orc. You block the orc's attack.
The orc closely misses you.
You closely miss the orc.
The orc is severely wounded.
You barely miss the orc.
The orc priest threatens, "By the altar or by the axe, you will meet Beogh!"
The orc hits you with a +0 mace. You block the orc's attack.
The orc priest shouts, "Surrender to Beogh and we'll let you live!"
You slash the orc!
You kill the orc!
You slash the orc!
You kill the orc!
You feel yourself speed up.
The orc priest calls down the wrath of Beogh upon you.
Beogh smites you!
You closely miss the orc warrior. You slash the orc!
You kill the orc!
The orc priest shouts, "Surrender to Beogh and we'll let you live!"
You hit the orc warrior but do no damage.
You barely miss the orc warrior. The orc warrior closely misses you.
The orc priest shouts, "Surrender to Beogh and we'll let you live!"
You slash the orc warrior!
The orc warrior is moderately wounded.
The orc warrior hits you with a +0 war axe!
You hit the orc warrior but do no damage.
The orc warrior is moderately wounded.
The orc warrior closely misses you.
You completely miss the orc warrior.
The orc warrior is moderately wounded.
The orc warrior hits you with a +0 war axe!
* * * LOW HITPOINT WARNING * * *
You hit the orc warrior but do no damage.
The orc warrior is moderately wounded.
The orc warrior hits you with a +0 war axe!
You die...

#........ #.......#
.### #.......# ...
#.......### .$.
#####.......##.# 8(#
............# .. #.(#
............###.
o..#.#
.............##)#oo.$#
............#.##@#
............##..#.#
#####.......########
#...............
#......#......#
#......#......#
#......#......#
#......######+#
#......#......#


You could see an orc warrior, an orc priest and an orc.

Vanquished Creatures
  Sigmund (D:3)
  An orc wizard (D:3)
  4 adders
  An ufetubus (D:4)
  3 worms
  2 dart slugs
  10 orcs
  3 ball pythons
  2 bats
  7 endoplasms
  5 giant cockroaches
  7 goblins
  2 hobgoblins (D:3)
  3 frilled lizards
  6 kobolds
  4 rats
61 creatures vanquished.

Vanquished Creatures (others)
  2 plants (D:2)
2 creatures vanquished.

Grand Total: 63 creatures vanquished

Notes
Turn   | Place    | Note
-------+----------+-------------------------------------------
     0 | D:1      | Crownlay the Hill Orc Fighter began the quest for the Orb.
     0 | D:1      | Reached XP level 1. HP: 19/19 MP: 1/1
    55 | D:1      | Reached skill level 3 in Axes
   137 | D:1      | Reached XP level 2. HP: 24/26 MP: 2/2
   838 | D:2      | Reached skill level 4 in Axes
   838 | D:2      | Reached XP level 3. HP: 31/31 MP: 3/3
  1282 | D:2      | Found a faded altar of an unknown god.
  1522 | D:2      | Reached XP level 4. HP: 34/39 MP: 4/4
  1943 | D:3      | Reached skill level 5 in Axes
  2098 | D:3      | Reached XP level 5. HP: 34/45 MP: 5/5
  2610 | D:3      | Noticed Sigmund
  2627 | D:3      | Killed Sigmund
  2628 | D:3      | Reached skill level 6 in Axes
  2628 | D:3      | Reached XP level 6. HP: 51/51 MP: 6/6
  3173 | D:4      | Noticed an orc warrior
  3185 | D:4      | Mangled by an orc warrior

Illustrated notes

Levels and vault maps discovered:
D:1:      dpeg_arrival_boxes_within_box, layout_rooms, minivault_23
D:2:      layout_loops_corners, chequers_ecumenical_altar_island, serial_forest,
          infiniplex_forest_clump_long, infiniplex_forest_lined_1,
          infiniplex_forest_lined_room_2, infiniplex_forest_lined_ring,
          infiniplex_forest_clump_tiny, infiniplex_forest_straight_2,
          minmay_randomly_rotated_circles
D:3:      layout_basic, uniq_sigmund
D:4:      layout_gridville, corexii_hall_statues_l, grunt_ministairs_10,
          guppyfry_early_orc_mine

Skill      XL: |  1  2  3  4  5 |
---------------+----------------+-----
Axes           | 3 4 5 6 |  6.6
Shields        | 4 |  4.8
Armour         | 4 |  4.3
Fighting       | |  3.6

Action                   |  1- 3 |  4- 6 || total
-------------------------+-------+-------++-------
Melee: War axe           |    77 |    94 ||   171
 Fire: Hunting sling     |     2 |       ||     2
  Use: Scroll            |       |     3 ||     3
       Potion            |       |     2 ||     2
Armor: Scale mail        |    41 |    33 ||    74
Dodge: Dodged            |    54 |    34 ||    88
Block: Buckler           |    18 |    15 ||    33

Table legend: (Time is in decaauts)
 A = Elapsed time spent in this place.
 B = Non-inter-level travel time spent in this place.
 C = Inter-level travel time spent in this place.
 D = Time resting spent in this place.
 E = Time spent auto-exploring this place.
 F = Levels seen in this place.
 G = Mean time per level.
                   A        B        C        D        E       F      G
               +--------+--------+--------+--------+--------+-----+--------+
         Total |   3234 |   3089 |    145 |      0 |   2613 |   4 |  808.5 |
       Dungeon |   3234 |   3089 |    145 |      0 |   2613 |   4 |  808.5 |
               +--------+--------+--------+--------+--------+-----+--------+

Top non-repeatable levels by time:
     D:3: 1294 daAuts
     D:2: 1042 daAuts
     D:1: 778 daAuts
     D:4: 118 daAuts
